 Dungeon Crawl Stone Soup version 0.22-a0-480-g991dd4b (webtiles) character file.

963 galech the Skirmisher (level 8, 0/87 HPs)
             Began as an Ogre Berserker on June 15, 2018.
             Was a Believer of Trog.
             Slain by a centaur (7 damage)
             ... on level 5 of the Dungeon.
             The game lasted 00:06:43 (4673 turns).

galech the Skirmisher (Ogre Berserker)              Turns: 4673, Time: 00:06:44

Health: 0/87       AC:  3    Str: 24    XL:     8   Next: 15%
Magic:  8/8        EV: 10    Int:  8    God:    Trog [**....]
Gold:   248        SH:  0    Dex:  6    Spells: 7/7 levels left

rFire    . . .     SeeInvis .   v - +0 morningstar (venom)
rCold    + . .     Gourm    +   (no shield)
rNeg     . . .     Faith    .   b - +0 animal skin
rPois    .         Spirit   .   (helmet restricted)
rElec    .         Reflect  .   (no cloak)
rCorr    .         Harm     .   (gloves unavailable)
MR       ++...                  (boots unavailable)
Stlth    +.........             s - amulet of the gourmand
HPRegen  1.24/turn              j - ring of protection from cold
MPRegen  0.11/turn              q - -2 ring of dexterity (curse)

@: berserk cooldown, regenerating, slowed, very slow
A: large, unfitting armour, tough skin 1
a: Berserk, Trog's Hand, Renounce Religion


You were on level 5 of the Dungeon.
You worshipped Trog.
Trog was pleased with you.
You were very full.

You visited 1 branch of the dungeon, and saw 5 of its levels.

You collected 248 gold pieces.

Inventory:

Hand Weapons
 a - a +0 mace
 v - a +0 morningstar of venom (weapon)
Armour
 b - a +0 animal skin (worn)
Jewellery
 j - a ring of protection from cold (left hand)
 q - a cursed -2 ring of dexterity (right hand)
 s - an amulet of the gourmand (around neck)
Wands
 d - a wand of flame (31)
 t - a wand of iceblast (8)
Scrolls
 e - a scroll of remove curse
 f - 2 scrolls of fear
 g - 2 scrolls of magic mapping
 m - a scroll of teleportation
 r - a scroll of fog {unknown}
 u - a scroll of enchant weapon {unknown}
 x - a scroll of enchant armour {unknown}
Potions
 h - 2 potions of curing {unknown}
 i - 2 potions of brilliance {unknown}
 k - 2 potions of agility {unknown}
 n - a potion of lignification {unknown}
 o - a potion of heal wounds {unknown}
 p - a potion of might {unknown}
 w - a potion of berserk rage {unknown}
Comestibles
 c - 13 rations
 l - 6 chunks of flesh


   Skills:
 + Level 7.0 Fighting
 + Level 6.6 Maces & Flails
 + Level 4.4 Dodging
 + Level 1.3 Stealth


You had 7 spell levels left.
You didn't know any spells.
Your spell library was empty.

Dungeon Overview and Level Annotations

Branches:
Dungeon (5/15)
 Temple: D:4-7

Altars:
Gozag
Uskayaw


Innate Abilities, Weirdness & Mutations

You are too large for most types of armour.
You have tough skin. (AC +1)


Message History

* * * LOW HITPOINT WARNING * * *
You closely miss the centaur.
The centaur is lightly wounded.
The centaur hits you.
* * * LOW HITPOINT WARNING * * *
The centaur hits you.
* * * LOW HITPOINT WARNING * * *
You closely miss the centaur.
The centaur is lightly wounded.
You feel the effects of Trog's Hand fading.
The centaur hits you!
* * * LOW HITPOINT WARNING * * *
The centaur hits you.
* * * LOW HITPOINT WARNING * * *
The centaur hits you.
* * * LOW HITPOINT WARNING * * *
You hit the centaur.
The centaur is poisoned.
The centaur is moderately wounded.
The centaur closely misses you. The centaur hits you!
You die...

####.......###.##.#....
#..........# #.##.#....
##....)..# #....#....
#.##.......########.##.
#....#.##...........##.
####.#.###.###########.
..#.# #.# #. #..#(#
#.#### #. #..#@###....#
#. #..#c?......#
######.
..........>............
######........########.
..####[..# #. .... ###
#. ..(.. #. ...... #.
####.. #.


You could see a centaur.

Vanquished Creatures
  The ghost of ThereIsNoGod the Grappler, a novice DrTm of Cheibriados (D:5)
  The ghost of ThereIsNoGod the Ruffian, an amateur DrTm (D:3)
  2 ogres
  A centaur (D:5)
  A scorpion (D:5)
  A centaur skeleton (D:5)
  Ijyb (D:3)
  An iguana (D:5)
  A worker ant zombie (D:5)
  5 adders
  An adder skeleton (D:4)
  3 worms
  3 dart slugs (D:2)
  2 leopard geckos
  6 orcs
  A ball python (D:2)
  A giant cockroach (D:2)
  15 goblins
  9 hobgoblins
  2 quokkas
  6 bats
  4 frilled lizards
  3 kobolds
  8 rats
79 creatures vanquished.

Notes
Turn   | Place    | Note
-------+----------+-------------------------------------------
     0 | D:1      | galech the Ogre Berserker began the quest for the Orb.
     0 | D:1      | Reached XP level 1. HP: 24/24 MP: 1/1
   261 | D:1      | Reached XP level 2. HP: 20/32 MP: 2/2
   944 | D:2      | Reached XP level 3. HP: 36/40 MP: 3/3
  1288 | D:2      | Reached ** piety under Trog
  1746 | D:2      | Reached XP level 4. HP: 47/49 MP: 4/4
  2390 | D:3      | Noticed Ijyb
  2409 | D:3      | Killed Ijyb
  2415 | D:3      | Reached XP level 5. HP: 55/55 MP: 5/5
  2488 | D:3      | Noticed ThereIsNoGod's ghost (amateur DrTm)
  2503 | D:3      | Killed ThereIsNoGod's ghost
  2503 | D:3      | Reached skill level 5 in Fighting
  2503 | D:3      | Reached XP level 6. HP: 63/66 MP: 6/6
  3268 | D:4      | Found a hide-covered altar of Uskayaw.
  3272 | D:4      | Found an opulent altar of Gozag.
  3373 | D:4      | Reached skill level 5 in Maces & Flails
  4013 | D:5      | Entered Level 5 of the Dungeon
  4093 | D:5      | Reached skill level 1 in Stealth
  4093 | D:5      | Reached XP level 7. HP: 64/74 MP: 7/7
  4149 | D:5      | Reached skill level 6 in Fighting
  4647 | D:5      | Noticed ThereIsNoGod's ghost (novice DrTm)
  4668 | D:5      | Killed ThereIsNoGod's ghost
  4668 | D:5      | Reached skill level 7 in Fighting
  4668 | D:5      | Reached XP level 8. HP: 56/87 MP: 8/8
  4673 | D:5      | Slain by a centaur

Vault maps used:
D:1:      dpeg_arrival_morbid_curiosity, minivault_25
D:3:      kennysheep_the_goblin_king, grunt_ministairs_1
D:4:      grunt_temple_overflow_open, first_ration, glass_columns_a
D:5:      minmay_temple_entry_junction

Skill      XL: |  1  2  3  4  5  6  7 |
---------------+----------------------+-----
Maces & Flails | 3 4 5 6 |  6.6
Dodging        | 3 4 |  4.4
Fighting       | 5 7 |  7.0
Stealth        | 1 |  1.3

Action                   |  1- 3 |  4- 6 |  7- 9 || total
-------------------------+-------+-------+-------++-------
Melee: Mace              |    98 |   124 |       ||   222
       Morningstar       |       |    20 |    32 ||    52
Invok: Berserk           |     1 |     3 |     2 ||     6
       Trog's Hand       |       |       |     2 ||     2
  Use: Scroll            |       |       |     4 ||     4
  Eat: Chunk             |     4 |    25 |     5 ||    34
Armor: Animal skin       |    24 |    25 |     1 ||    50
Dodge: Dodged            |    52 |    84 |    15 ||   151

Table legend:
 A = Spawn XP
 B = Non-spawn XP
 C = Spawn XP percentage of total XP
 D = Spawn monster count
 E = Non-spawn monster count
 F = Spawn count percentage of total count
 G = Total turns spent on level
                    A         B        C        D         E        F      G
               +---------+---------+-------+---------+---------+-------+---------
         Total |       0 |    1377 |   0.0 |       0 |      79 |   0.0 |  4673
               +---------+---------+-------+---------+---------+-------+---------
           D:1 |       0 |      28 |   0.0 |       0 |      17 |   0.0 |   937
           D:2 |       0 |      90 |   0.0 |       0 |      28 |   0.0 |  1409
           D:3 |       0 |     258 |   0.0 |       0 |      15 |   0.0 |   831
           D:4 |       0 |     156 |   0.0 |       0 |       9 |   0.0 |   836
           D:5 |       0 |     845 |   0.0 |       0 |      10 |   0.0 |   660
               +---------+---------+-------+---------+---------+-------+---------
